 Dungeon Crawl Stone Soup version 0.31.0 (webtiles) character file.

Game seed: 8481393547530389760

16051 slimemold the Covert (level 12, -2/110 HPs)
             Began as a Naga Shapeshifter on Jan 20, 2024.
             Was an Initiate of Uskayaw.
             Slain by an eight-headed hydra (8 damage)
             ... on level 2 of the Lair of Beasts.
             The game lasted 00:39:35 (11796 turns).

slimemold the Covert (Naga Shapeshifter)           Turns: 11796, Time: 00:39:36

Health: -2/110     AC:  9    Str: 25    XL:     12   Next: 33%
Magic:  13/16      EV: 15    Int: 19    God:    Uskayaw [......]
Gold:   442        SH:  0    Dex: 10    Spells: 11/11 levels left

rFire   . .          .
                       - Unarmed
rCold   . . .        (shield currently unavailable)
rNeg    . . .        a - melded +0 animal skin
rPois   +            H - +2 helmet {Int+3}
rElec   .            s - +0 cloak
rCorr   .            i - +0 pair of gloves
SInv    +            (no barding)
Will    +....        (no amulet)
Stlth   ++           h - +4 ring of slaying
HPRegen 0.38/turn    y - +6 ring of strength
MPRegen 0.15/turn

%: no passive effects
@: flux-form, glowing, very slow
A: glow, contaminating, AC +4, large, see invisible, deformed body, poison
resistance, slowness 2, spit poison 1, naga tail 1, clever 1, MP-powered wands
a: Spit Poison, Begin Untransformation, Renounce Religion


You were on level 2 of the Lair of Beasts.
You worshipped Uskayaw.
Uskayaw was noncommittal.
You were something dangerously unstable.
You visited 3 branches of the dungeon, and saw 11 of its levels.

You collected 442 gold pieces.

Inventory:

Hand Weapons
 m - a +4 dagger
 q - a +2 hand axe of electrocution
Missiles
 t - 2 throwing nets
Armour
 a - a +0 animal skin (melded)
 i - a +0 pair of gloves (worn)
 s - a +0 cloak (worn)
 H - a +2 helmet of intelligence (worn)
Jewellery
 g - a ring of wizardry
 h - a +4 ring of slaying (left hand)
 u - a ring of protection from cold
 v - a +6 ring of dexterity
 y - a +6 ring of strength (right hand)
 L - an amulet of faith
Talismans
 c - a beast talisman
 d - a flux talisman (active)
Wands
 l - a wand of polymorph (7)
 K - a wand of roots (4)
Scrolls
 e - 2 scrolls of noise
 f - a scroll of enchant armour
 j - a scroll of brand weapon {unknown}
 o - a scroll of poison {unknown}
 p - a scroll of amnesia {unknown}
 z - a scroll of fear {unknown}
 B - a scroll of revelation
 D - a scroll of vulnerability
 F - 2 scrolls of fog
 I - a scroll of torment {unknown}
Potions
 b - 2 potions of lignification
 k - 2 potions of mutation
 n - 2 potions of might {unknown}
 r - a potion of curing
 w - 3 potions of enlightenment
 A - a potion of magic {unknown}
 E - a potion of resistance {unknown}
 G - a potion of brilliance {unknown}


   Skills:
 + Level 8.0 Fighting
 + Level 6.8 Dodging
 - Level 11.0 Stealth
 * Level 8.6 Unarmed Combat
 + Level 6.4 Invocations
 * Level 10.6 Shapeshifting


You had 11 spell levels left.
You didn't know any spells.
Your spell library contained the following spells:

 Spells                   Type           Power      Damage    Failure   Level
 Magic Dart               Conj           0%         1d3       21%         1
 Blink                    Tloc           0%         N/A       30%         2
 Call Imp                 Summ           0%         N/A       30%         2
 Cigotuvi's Dreadful Rot  Necr/Alch/Air  0%         N/A       30%         2
 Ignite Poison            Fire/Alch      0%         N/A       90%         4
 Freezing Cloud           Conj/Ice/Air   0%         6-21      99%         5


Dungeon Overview and Level Annotations

Branches:
Dungeon (8/15)             Temple (1/1) D:5            Lair (2/5) D:8
  Swamp (0/4) Lair:2        Snake (0/4) Lair:2

Altars:
Ashenzari
Cheibriados
Dithmenos
Elyvilon
Fedhas
Gozag
Hepliaklqana
Kikubaaqudgha
Makhleb
Nemelex Xobeh
Okawaru
Qazlal
Ru
Sif Muna
Trog
Uskayaw
Vehumet
Wu Jian
Xom
Yredelemnul
Zin
The Shining One

Shops:
D:4 (*(   D:8 (:([:

Annotations:
D:8 Grum


Innate Abilities, Weirdness & Mutations

You are something dangerously unstable.
You glow with magical radiation, making you easy to see and hit.
Foes you strike become dangerously contaminated with magical radiation.
You are incapable of wielding weapons or throwing items.
Your serpentine skin is tough. (AC +4)
You have supernaturally acute eyesight. (SInv)
Armour fits poorly on your strangely shaped body.
Your system is resistant to poisons. (rPois)
You cover ground very slowly.
You can spit poison.
You have a snake-like lower body.
Your mind is acute. (Int +4, Str/Dex -1)
You expend magic power (3 MP) to strengthen your wands.


Message History

The eight-headed hydra bites you but does no damage.
The eight-headed hydra bites you!
* * * LOW HITPOINT WARNING * * *
The eight-headed hydra bites you!
* * * LOW HITPOINT WARNING * * *
The eight-headed hydra bites you.
* * * LOW HITPOINT WARNING * * *
The eight-headed hydra bites you but does no damage.
The eight-headed hydra misses you.
Blink to where?
Press: ? - help, Dir - move target
As you read the scroll of blinking, it crumbles to dust.
Found a book of Unlife.
The eight-headed hydra stops glowing.
You stomp with the beat, sending a shockwave through the revellers around you!
The eight-headed hydra is moderately wounded.
You can no longer stomp with the beat.
The eight-headed hydra bites you!
* * * LOW HITPOINT WARNING * * *
The eight-headed hydra barely misses you.
The eight-headed hydra bites you but does no damage.
The eight-headed hydra bites you.
* * * LOW HITPOINT WARNING * * *
The eight-headed hydra misses you.
The eight-headed hydra closely misses you.
The eight-headed hydra bites you but does no damage. x2
You feel better.
The eight-headed hydra completely misses you.
The eight-headed hydra bites you!
* * * LOW HITPOINT WARNING * * *
The eight-headed hydra barely misses you.
The eight-headed hydra bites you.
* * * LOW HITPOINT WARNING * * *
The eight-headed hydra completely misses you.
The eight-headed hydra bites you.
* * * LOW HITPOINT WARNING * * *
The eight-headed hydra bites you.
* * * LOW HITPOINT WARNING * * *
The eight-headed hydra bites you!
You die...

*,,,..............##...,**.....
*,,,##.........D..###.#*,......
*,,**######P..#....####**♣.<.♣.
*,,* #######...# *.....# **,*
##..#..# *,,*,** *** ##......#
****,*** #.....### *,*,,,,*
##D#...# **,,,,,** #..p####
**,,,,,** ##..#** **,,,,,**
#...,****,,,,,**
##...∩**,,,,,** ##..#**,,,,,*
*###**,,**** ****,,,,*
**,,,,,*** **,,,,,**


You could see an eight-headed hydra.

Vanquished Creatures
  Erica (D:8)
  11 elephants
  4 torpor snails (Lair:1)
  5 cane toads
  3 komodo dragons (Lair:1)
  Grinder (D:3)
  4 blink frogs (Lair:1)
  Prince Ribbit (D:6)
  Sigmund (D:4)
  A shadow (D:8)
  A wyvern (D:8)
  A vampire (D:7)
  16 yaks
  A basilisk (Lair:2)
  A naga (Lair:2)
  4 water moccasins
  2 ice beasts
  2 orc warriors
  2 black bears
  7 wolves
  2 ogres
  4 phantoms
  2 kobold brigands (D:8)
  9 bullfrogs
  4 scorpions
  3 wights (D:8)
  A howler monkey (D:4)
  An electric eel (D:7)
  A bombardier beetle (D:4)
  4 orc priests
  A hound (D:6)
  3 jellies
  2 gnoll boudas
  Crazy Yiuf (D:3)
  Jessica (D:2)
  2 sleepcaps
  Ijyb (D:3)
  10 orc wizards
  5 adders
  7 gnolls
  A shadow imp (D:5)
  4 ufetubi
  4 dart slugs
  22 orcs
  7 ball pythons
  9 endoplasms
  4 giant cockroaches
  6 goblins
  9 hobgoblins
  3 quokkas
  12 bats
  4 frilled lizards
  16 kobolds
  3 rats (D:1)
237 creatures vanquished.

Notes
Turn   | Place    | Note
-------+----------+-------------------------------------------
     0 | D:1      | slimemold the Naga Shapeshifter began the quest for the
                  | Orb.
     0 | D:1      | Reached XP level 1. HP: 18/18 MP: 1/1
   118 | D:1      | Reached XP level 2. HP: 7/25 MP: 2/2
   209 | D:1      | Found a faded altar of an unknown god.
   212 | D:1      | Prayed at the altar of an unknown god.
   212 | D:1      | Became a worshipper of Uskayaw the Reveller
   212 | D:1      | Reached * piety under Uskayaw
   216 | D:1      | Reached skill level 1 in Stealth
   220 | D:1      | Reached ** piety under Uskayaw
   259 | D:1      | Reached *** piety under Uskayaw
   348 | D:1      | Reached **** piety under Uskayaw
   351 | D:1      | Reached XP level 3. HP: 19/31 MP: 3/3
  1021 | D:2      | Noticed Jessica
  1024 | D:2      | Killed Jessica
  1025 | D:2      | Reached skill level 2 in Stealth
  1025 | D:2      | Reached XP level 4. HP: 39/39 MP: 4/4
  1538 | D:2      | Reached XP level 5. HP: 35/45 MP: 5/5
  1725 | D:3      | Noticed Ijyb
  1738 | D:3      | Killed Ijyb
  1828 | D:3      | Noticed Grinder
  1833 | D:3      | Paralysed by Grinder for 3 turns
  1852 | D:3      | Killed Grinder
  1853 | D:3      | Reached skill level 3 in Stealth
  1853 | D:3      | Reached XP level 6. HP: 16/55 MP: 2/6
  2233 | D:3      | Found an iron altar of Okawaru.
  2509 | D:3      | Found a runed translucent door.
  2510 | D:3      | Noticed Crazy Yiuf
  2519 | D:3      | Killed Crazy Yiuf
  2782 | D:4      | Reached skill level 4 in Stealth
  2936 | D:4      | Reached XP level 7. HP: 58/61 MP: 7/7
  3070 | D:4      | Reached skill level 5 in Shapeshifting
  3072 | D:4      | Found Cainavivo's Assorted Antiques.
  3166 | D:4      | Found Jusmecuipn's Weapon Boutique.
  3346 | D:4      | Noticed Sigmund
  3358 | D:4      | Killed Sigmund
  3359 | D:4      | Reached skill level 5 in Stealth
  3395 | D:4      | Found Guenang's Weapon Emporium.
  3579 | D:4      | Found a broken altar of Ashenzari.
  3627 | D:4      | Found a snail-covered altar of Cheibriados.
  3763 | D:5      | Entered Level 5 of the Dungeon
  3872 | D:5      | Reached XP level 8. HP: 47/72 MP: 8/8
  4084 | D:5      | Found a radiant altar of Vehumet.
  4091 | D:5      | Found a sacrificial altar of Ru.
  4097 | D:5      | Found a glowing golden altar of the Shining One.
  4104 | D:5      | Found an ancient bone altar of Kikubaaqudgha.
  4110 | D:5      | Found a white marble altar of Elyvilon.
  4118 | D:5      | Found an ornate altar of the Wu Jian Council.
  4122 | D:5      | Found a hide-covered altar of Uskayaw.
  4324 | D:5      | Found a staircase to the Ecumenical Temple.
  4342 | Temple   | Entered the Ecumenical Temple
  4782 | D:5      | Found a shimmering blue altar of Sif Muna.
  4870 | D:5      | Reached skill level 6 in Stealth
  5079 | D:6      | Noticed Prince Ribbit
  5106 | D:6      | Killed Prince Ribbit
  5107 | D:6      | Reached skill level 5 in Unarmed Combat
  5403 | D:6      | Reached XP level 9. HP: 73/79 MP: 9/9
  5470 | D:6      | Reached skill level 7 in Stealth
  6223 | D:7      | Reached skill level 5 in Fighting
  6434 | D:7      | Reached skill level 1 in Invocations
  6838 | D:7      | Reached skill level 8 in Stealth
  6842 | D:7      | Reached ***** piety under Uskayaw
  7073 | D:7      | Noticed a rust devil
  7074 | D:7      | Noticed a rust devil
  7521 | D:8      | Found a staircase to the Lair.
  7617 | D:8      | Reached XP level 10. HP: 81/90 MP: 11/11
  7643 | D:8      | Found Fiexint's Weapon Emporium.
  7692 | D:8      | Reached skill level 5 in Dodging
  7724 | D:8      | Found Kail's Weapon Emporium.
  7747 | D:8      | Found Ysailar's Book Boutique.
  7778 | D:8      | Noticed Erica
  7778 | D:8      | Noticed Grum
  8047 | D:8      | Found Xoocseir's Book Shop.
  8100 | D:8      | HP: 3/89 [wyvern (5)]
  8389 | D:8      | Found Tacwy's Antique Armour Shop.
  8425 | D:8      | Killed Erica
  8426 | D:8      | Reached skill level 9 in Stealth
  8429 | D:8      | Gained mutation: Your mind is acute. (Int +4, Str/Dex -1)
                  | [potion of mutation]
  8429 | D:8      | Gained mutation: You expend magic power (3 MP) to
                  | strengthen your wands. [potion of mutation]
  9192 | Lair:1   | Entered Level 1 of the Lair of Beasts
  9610 | Lair:1   | Noticed a cane toad
  9621 | Lair:1   | Reached XP level 11. HP: 16/99 MP: 7/14
  9623 | Lair:1   | Reached skill level 10 in Stealth
  9904 | Lair:1   | Reached skill level 5 in Invocations
 10182 | Lair:1   | Reached ****** piety under Uskayaw
 10762 | Lair:1   | Reached skill level 11 in Stealth
 10993 | Lair:1   | Found a snail-covered altar of Cheibriados.
 11005 | Lair:1   | Reached skill level 10 in Shapeshifting
 11522 | Lair:2   | Reached XP level 12. HP: 83/110 MP: 16/16
 11523 | Lair:2   | Found a staircase to the Swamp.
 11721 | Lair:2   | Found a staircase to the Snake Pit.
 11741 | Lair:2   | HP: 5/110 [constriction (3)]
 11773 | Lair:2   | Noticed an eight-headed hydra
 11796 | Lair:2   | Slain by an eight-headed hydra

Illustrated notes

Levels and vault maps discovered:
D:1:      tekkud_arrival_beachfront_property, layout_basic,
          chequers_ecumenical_altar_simple, minmay_small_reverse_x
D:2:      layout_loops_cross, hex_tiny, uniq_jessica
D:3:      layout_loops_ring, okawaru_ov_weapons_minmay, uniq_ijyb, uniq_grinder,
          uniq_crazy_yiuf_cottage
D:4:      layout_basic, mainiacjoe_overflow_two_lobes, serial_shops,
          nicolae_shop_tiny_real_fake_doors, nicolae_shop_advertising_works
          [nicolae_subvault_shop_adworks], shop, minmay_misc_feat_pillars,
          uniq_sigmund
D:5:      layout_loops_ring, lemuel_tele_altar, grunt_temple_overflow_octagram,
          minmay_temple_entry_stoned_glass, chequers_avenue
D:6:      layout_cave_pods, uniq_prince_ribbit1
D:7:      cheibrodos_iron_armory, layout_basic, kennysheep_flooded_box,
          minmay_diced_spiral
D:8:      layout_basic, dpeg_oklobed_lair, serial_shops, shop, shop, shop, shop,
          nicolae_shop_bloodbath_and_beyond, uniq_grum, uniq_erica
Temple:   jpeg_temple_clearing
Lair:1:   layout_regular_city, kennysheep_snail_temple, grunt_megastairs_1
Lair:2:   layout_hall_layers, palyth_hydra_swamp_entry,
          guppyfry_snake_entry_island, nicolae_volcano_entry_s_turn,
          grunt_megastairs_3

Skill      XL: |  1  2  3  4  5  6  7  8  9 10 11 12 |
---------------+-------------------------------------+-----
Stealth        | 1 2 3 4 5 6 8 9 11 | 11.0
Dodging        | 2 3 4 5 6 |  6.8
Fighting       | 2 3 4 5 6 7 8 |  8.0
Shapeshifting  | 4 5 6 7 8 10 | 10.6
Unarmed Combat | 4 5 6 7 8 |  8.6
Invocations    | 2 4 5 6 |  6.4

Action                     |  1- 3 |  4- 6 |  7- 9 | 10-12 || total
---------------------------+-------+-------+-------+-------++-------
  Melee: Unarmed           |    65 |    64 |   222 |   313 ||   664
         Punch             |       |     2 |     2 |       ||     4
 Invoke: Stomp             |       |     1 |     1 |    12 ||    14
         Line Pass         |       |       |       |     1 ||     1
Ability: Spit Poison       |    15 |    40 |    56 |    47 ||   158
    Use: Scroll            |       |       |     6 |     8 ||    14
         Potion            |       |       |       |     8 ||     8
   Stab: Paralysed         |     2 |       |     9 |    25 ||    36
         Sleeping          |       |     1 |     2 |       ||     3
         Confused          |       |     1 |       |       ||     1
 Armour: Animal skin       |    34 |    47 |   121 |       ||   202
         Skin              |       |     2 |     9 |   211 ||   222
  Dodge: Dodged            |    28 |    28 |    80 |   240 ||   376
   Form: Beast             |     1 |       |       |       ||     1
         Flux              |       |       |     1 |       ||     1
